 Dungeon Crawl Stone Soup version 0.27.0-1-g7a089689b8 (webtiles) character file.

Game seed: 16746295336298220107

12887 SnakkuSnakku7 the Destroyer (level 11, 0/68 HPs)
             Began as a Vampire Conjurer on Aug 15, 2021.
             Was an Initiate of Gozag.
             Killed from afar by a wizard (41 damage)
             ... with a fireball
             ... in a volcano.
             The game lasted 00:22:27 (10481 turns).

SnakkuSnakku7 the Destroyer (Vampire Conjurer)     Turns: 10481, Time: 00:22:27

Health: 0/68       AC:  7    Str:  6    XL:     11   Next: 68%
Magic:  3/21       EV: 13    Int: 27    God:    Gozag
Gold:   1661       SH:  7    Dex: 27    Spells: 17/24 levels left

rFire    . . .     SeeInvis +   H - +0 trident (venom)
rCold    . . .     Faith    .   A - +0 buckler
rNeg     + . .     Spirit   .   v - +0 robe {rN+}
rPois    .         Reflect  .   u - +2 helmet {Int+3}
rElec    .         Harm     .   (no cloak)
rCorr    .         Rampage  .   t - +0 pair of gloves
Will     +....     Clarity  +   h - +0 pair of boots
Stlth    +++.......             (no amulet)
HPRegen  0.41/turn              z - +6 ring of dexterity
MPRegen  0.17/turn              D - +6 ring of dexterity

@: gold aura, healing quickly
A: alive, fangs 3, see invisible, vampiric 2, agile 1, clarity, screaming 1
a: Exsanguinate, Renounce Religion, Potion Petition, Call Merchant, Bribe Branch


You were in a volcano.
You worshipped Gozag.
Gozag was most pleased with you.
You visited 3 branches of the dungeon, and saw 12 of its levels.
You also visited: Volcano.

You collected 2035 gold pieces.
You spent 279 gold pieces at shops.
You paid 95 gold pieces to Gozag.

Inventory:

Hand Weapons
 e - a +0 dagger
 g - a +0 short sword
 s - a +0 hand axe of venom
 H - a +0 trident of venom (weapon)
Missiles
 I - 2 throwing nets
Armour
 h - a +0 pair of boots (worn)
 p - a +0 kite shield
 t - a +0 pair of gloves (worn)
 u - a +2 helmet of intelligence (worn)
 v - a +0 robe of positive energy (worn)
 A - a +0 buckler (worn)
Jewellery
 a - a ring of resist corrosion
 z - a +6 ring of dexterity (left hand)
 D - a +6 ring of dexterity (right hand)
Wands
 j - a wand of paralysis (2)
 l - a wand of mindburst (21)
 w - a wand of flame (28)
Scrolls
 c - 3 scrolls of blinking
 d - 4 scrolls of magic mapping
 f - a scroll of fear {unknown}
 i - 6 scrolls of teleportation
 k - a scroll of vulnerability {unknown}
 m - a scroll of immolation
 q - 2 scrolls of enchant armour
 r - a scroll of amnesia {unknown}
 y - a scroll of fog {unknown}
 C - a scroll of torment {unknown}
 E - a scroll of enchant weapon {unknown}
Potions
 b - a potion of invisibility
 n - 2 potions of attraction
 o - a potion of flight
 x - a potion of might
 B - 2 potions of curing {unknown}
 F - a potion of brilliance
 G - 2 potions of heal wounds


   Skills:
 - Level 2.1 Dodging
 - Level 3.0 Stealth
 - Level 4.0 Shields
 + Level 7.1 Spellcasting
 - Level 12.0 Conjurations
 - Level 10.0 Hexes


You had 17 spell levels left.
You knew the following spells:

 Your Spells              Type           Power      Damage    Failure   Level
a - Magic Dart            Conj           100%       1d8       1%          1
b - Searing Ray           Conj           100%       3d7       1%          2
g - Fulminant Prism       Conj/Hex       31%        3d16      1%          4

Your spell library contained the following spells:

 Spells                   Type           Power      Damage    Failure   Level
 Static Discharge         Conj/Air       42%        N/A       1%          2
 Dazzling Flash           Conj/Hex       100%       N/A       1%          3
 Stone Arrow              Conj/Erth      84%        3d12      1%          3
 Iskenderun's Mystic Bla  Conj/Tloc      42%        2d10      4%          4
 Sticky Flame             Conj/Fire      42%        2d6       4%          4
 Pain                     Necr           36%        1d5       6%          1
 Sandblast                Erth           18%        2d7       6%          1
 Blink                    Tloc           N/A        N/A       9%          2
 Passwall                 Tmut/Erth      7%         N/A       9%          2
 Lesser Beckoning         Tloc           4%         N/A       17%         3
 Animate Armour           Summ/Erth      18%        N/A       50%         4
 Dispel Undead            Necr           9%         3d8       50%         4
 Agony                    Necr           9%         N/A       85%         5
 Excruciating Wounds      Necr           4%         N/A       85%         5
 Lee's Rapid Deconstruct  Erth           4%         3d6*      85%         5
 Manifold Assault         Tloc           9%         N/A       85%         5
 Lehudib's Crystal Spear  Conj/Erth      21%        10d6      100%        8


Dungeon Overview and Level Annotations

Branches:
Dungeon (10/15)            Temple (1/1) D:5            Lair (1/6) D:9
Volcano (1/1)
    Orc: D:9-12

Altars:
Ashenzari
Cheibriados
Dithmenos
Elyvilon
Fedhas
Gozag
Hepliaklqana
Kikubaaqudgha
Makhleb
Nemelex Xobeh
Okawaru
Qazlal
Ru
Sif Muna
Trog
Uskayaw
Vehumet
Wu Jian
Xom
Yredelemnul
Zin
The Shining One
Lugonu

Shops:
D:7 [   D:10 (


Innate Abilities, Weirdness & Mutations

Your natural rate of healing is accelerated.
You have razor-sharp teeth.
You have supernaturally acute eyesight. (SInv)
You are afflicted with vampirism and can become a bat while bloodless.
You are agile. (Dex +2)
You possess an exceptional clarity of mind.
You occasionally shout uncontrollably at your foes.


Message History

The blast of energy engulfs the wizard!
The wizard is severely wounded.
The blast of energy engulfs the toenail golem!!
You destroy the toenail golem!
The wizard hits you with a +0 mace of flaming.
The wizard burns you.
Your Spellcasting skill increases to level 7!
Unknown command.
Unknown command.
Unknown command.
You hit the wizard.
The wizard is severely wounded.
The wizard hits you but does no damage.
Unknown command.
You hit the wizard but do no damage.
The wizard is poisoned.
The wizard is severely wounded.
The wizard barely misses you.
You hit the wizard.
The wizard looks as sick as possible!
The wizard is severely wounded.
The wizard is distracted by your dazzling golden aura.
Unknown command.
You barely miss the wizard.
The wizard is no longer distracted by gold.
The wizard shouts!
The wizard is severely wounded.
The wizard mumbles some strange words.
The wizard glows brightly for a moment.
You block the wizard's attack.
You barely miss the wizard. You bite the wizard, but do no damage.
The wizard is almost dead.
The wizard hits you with a +0 mace of flaming.
The wizard burns you.
Unknown command.
You barely miss the wizard. You bite the wizard, but do no damage.
The wizard is almost dead.
The wizard gestures at you while chanting.
The fireball explodes!
The fireball engulfs you!!!
Ouch! That really hurt!
You die...
Your body crumbles into a pile of gold.

###§≈§§≈§§§#
####§≈≈§≈≈§§§≈§
#§§≈≈≈≈≈§§§§§§§
§§§≈≈§§§≈≈§≈≈
§§≈§≈§≈§≈§≈≈
§§≈§#######
≈§§§#.....#
≈≈≈§#.∩.p.+
#≈§≈#...$@#
≈°≈≈###'### °°§
.... ° #..... $
≈#.....#
≈≈#######
§§≈≈≈§≈≈≈≈ $
§§§≈≈≈≈≈○≈° $$


You could see a wizard (invisible, extremely poisoned).

Vanquished Creatures
  Erica (D:10)
  2 two-headed ogres (D:10)
  The ghost of Smaepdii the Slasher, a novice HuMo of Zin (D:7)
  2 toenail golems (Volcano)
  A kobold demonologist (D:9)
  A troll (D:9)
  A shadow (D:9)
  Sigmund (D:6)
  16 yaks
  3 basilisks (D:9)
  A steam dragon (D:7)
  7 water moccasins
  An acid dragon (D:8)
  4 black bears
  5 orc warriors
  3 ice beasts
  A sky beast (D:6)
  2 wolves (D:9)
  2 ogres
  5 centaurs
  A kobold brigand (D:9)
  3 bullfrogs
  A wyvern zombie (D:7)
  A scorpion (D:6)
  A gnoll sergeant (D:8)
  2 water moccasin zombies (D:5)
  2 water moccasin skeletons
  2 wyvern skeletons
  4 wights (D:7)
  11 killer bees
  An electric eel (Lair:1)
  3 howler monkeys
  2 bullfrog zombies (D:5)
  4 centaur zombies
  A jelly (D:6)
  A bullfrog skeleton (D:7)
  2 hounds
  6 orc priests
  A gnoll shaman (D:5)
  3 centaur skeletons (D:5)
  3 iron imps (D:9)
  5 iguanas
  2 scorpion zombies (D:5)
  10 orc wizards
  2 killer bee zombies (D:5)
  2 hound zombies (D:5)
  A hound skeleton (D:4)
  2 howler monkey zombies
  11 gnolls
  7 adders
  A shadow imp (D:6)
  2 white imps (D:6)
  An ufetubus (D:5)
  An adder zombie (D:5)
  2 adder skeletons (D:5)
  3 dart slugs
  34 orcs
  4 endoplasms
  6 giant cockroaches
  7 hobgoblins
  10 kobolds
  2 quokkas
  4 ball pythons
  7 bats
  A frilled lizard (D:3)
  9 goblins
  4 rats
255 creatures vanquished.

Vanquished Creatures (others)
  An orc wizard (D:7)
  30 fulminant prisms
  4 fungi
  21 plants
  7 withered plants (D:2)
63 creatures vanquished.

Grand Total: 318 creatures vanquished

Notes
Turn   | Place    | Note
-------+----------+-------------------------------------------
     0 | D:1      | SnakkuSnakku7 the Vampire Conjurer began the quest for the
                  | Orb.
     0 | D:1      | Reached XP level 1. HP: 13/13 MP: 3/3
    11 | D:1      | Reached skill level 3 in Conjurations
   177 | D:1      | Reached XP level 2. HP: 19/19 MP: 0/5
   321 | D:1      | Learned a level 2 spell: Searing Ray
   987 | D:2      | Gained mutation: You are afflicted with vampirism and can
                  | become a bat while bloodless. [Vampire growth]
   987 | D:2      | Reached XP level 3. HP: 24/24 MP: 3/6
   990 | D:2      | Reached skill level 4 in Conjurations
  1169 | D:2      | Found a faded altar of an unknown god.
  1687 | D:3      | Reached XP level 4. HP: 30/30 MP: 3/7
  1698 | D:3      | Learned a level 4 spell: Fulminant Prism
  1698 | D:3      | Noticed a centaur
  1765 | D:3      | Reached skill level 1 in Hexes
  2180 | D:3      | Killed a centaur
  2181 | D:3      | Reached skill level 5 in Hexes
  2181 | D:3      | Reached XP level 5. HP: 18/35 MP: 2/8
  2362 | D:4      | Found an opulent altar of Gozag.
  2601 | D:4      | Reached XP level 6. HP: 8/41 MP: 1/9
  3192 | D:5      | Entered Level 5 of the Dungeon
  3386 | D:5      | Reached XP level 7. HP: 15/46 MP: 0/10
  3657 | D:5      | Reached skill level 10 in Hexes
  3782 | D:5      | Reached skill level 5 in Conjurations
  3924 | D:5      | Noticed an angel
  4093 | D:5      | Found a staircase to the Ecumenical Temple.
  4110 | Temple   | Entered the Ecumenical Temple
  4200 | D:4      | Became a worshipper of Gozag Ym Sagoz the Greedy
  4259 | D:5      | Noticed a rust devil
  4299 | D:5      | Reached XP level 8. HP: 42/52 MP: 7/11
  4531 | D:6      | Reached skill level 6 in Conjurations
  4580 | D:6      | Found a sparkling altar of Nemelex Xobeh.
  4716 | D:6      | Reached skill level 1 in Shields
  4818 | D:6      | Noticed Sigmund
  4842 | D:6      | Killed Sigmund
  5211 | D:6      | Gained mutation: Armour fits poorly on your strangely
                  | shaped body. [potion of mutation]
  5211 | D:6      | Gained mutation: You occasionally shout uncontrollably at
                  | your foes. [potion of mutation]
  5211 | D:6      | Gained mutation: You are agile. (Dex +2) [potion of
                  | mutation]
  5233 | D:6      | Lost mutation: Armour fits poorly on your strangely shaped
                  | body. [potion of mutation]
  5233 | D:6      | Gained mutation: You possess an exceptional clarity of
                  | mind. [potion of mutation]
  5233 | D:6      | Gained mutation: You are weak. (Str -2) [potion of
                  | mutation]
  5233 | D:6      | Lost mutation: You are weak. (Str -2) [potion of mutation]
  5264 | D:6      | Identified the +1 ring mail of Viupegg {-Cast +Inv rCorr
                  | Str+7}
  5338 | D:6      | Reached skill level 7 in Conjurations
  5338 | D:6      | Reached XP level 9. HP: 23/57 MP: 4/12
  5773 | D:7      | Found a large runed translucent door.
  5773 | D:7      | Found a large runed translucent door.
  5817 | D:7      | Found Fuimm's Antique Armour Shoppe.
  5840 | D:7      | Bought a runed helmet for 187 gold pieces
  5840 | D:7      | Bought a runed robe for 92 gold pieces
  6081 | D:7      | Noticed Smaepdii's ghost (novice HuMo)
  6154 | D:7      | Found a radiant altar of Vehumet.
  6295 | D:7      | Reached skill level 8 in Conjurations
  6387 | D:7      | Found a hazy altar of Hepliaklqana.
  6610 | D:7      | Paralysed by an orc wizard for 6 turns
  6808 | D:7      | Killed Smaepdii's ghost
  6809 | D:7      | Reached skill level 9 in Conjurations
  7281 | D:8      | Reached XP level 10. HP: 31/56 MP: 6/13
  7398 | D:8      | Found a shadowy altar of Dithmenos.
  7417 | D:8      | Found a snail-covered altar of Cheibriados.
  7421 | D:8      | Found a shimmering altar of Xom.
  7508 | D:8      | Found an iron altar of Okawaru.
  7578 | D:8      | Found an ornate altar of the Wu Jian Council.
  7813 | D:9      | Noticed a rust devil
  7815 | D:9      | Reached skill level 10 in Conjurations
  8488 | D:9      | Found a staircase to the Lair.
  8534 | D:9      | Identified the +2 long sword "Okomarad" {vorpal, Fly rPois
                  | rF- rN++}
  8625 | D:9      | Reached skill level 11 in Conjurations
  8658 | D:9      | Found a hide-covered altar of Uskayaw.
  9129 | D:9      | Found a burning altar of Makhleb.
  9409 | D:10     | Entered Level 10 of the Dungeon
  9413 | D:10     | Noticed a two-headed ogre
  9423 | D:10     | Killed a two-headed ogre
  9424 | D:10     | Reached XP level 11. HP: 68/68 MP: 2/14
  9564 | D:10     | Noticed a two-headed ogre
  9592 | D:10     | Killed a two-headed ogre
  9616 | D:10     | Reached skill level 12 in Conjurations
  9666 | D:10     | Noticed Erica
  9667 | D:10     | Found a blossoming altar of Fedhas.
  9672 | D:10     | Killed Erica
  9874 | D:10     | Reached skill level 5 in Spellcasting
 10006 | D:10     | Found Doel's Weapon Emporium.
 10063 | D:10     | Found a shimmering blue altar of Sif Muna.
 10128 | D:10     | Found a basalt altar of Yredelemnul.
 10141 | D:10     | Noticed an angel
 10320 | Lair:1   | Entered Level 1 of the Lair of Beasts
 10452 | Lair:1   | Found a dark tunnel.
 10461 | Volcano  | Entered a volcano
 10463 | Volcano  | Noticed a wizard
 10481 | Volcano  | Killed from afar by a wizard

Illustrated notes

Levels and vault maps discovered:
D:1:      scummos_arrival_star, layout_basic
D:2:      layout_basic, shapermc_ecumenical_altar_flowoftime
D:3:      wad_pebble_path, layout_rooms, serial_bayou_pond_e,
          kennysheep_generic_room_2
D:4:      layout_basic, nicolae_gozag_cash_rules_everything_around_me,
          moated_statue
D:5:      layout_loops_corners, temple_garden, serial_undead, serial_undead_b,
          serial_undead_b, serial_undead_e, serial_undead_d, serial_undead_f,
          serial_undead_a, serial_undead_d, minmay_statues_item, chequers_jeans
D:6:      layout_basic, lemuel_tele_altar, roderic_roman_lattice,
          grunt_ministairs_12, uniq_sigmund
D:7:      layout_cave_pods, vehumet_crystals, nicolae_hepliaklqana_hippocampus,
          ebering_ghost_disaster_area, serial_shops, shop
D:8:      layout_loops_cross, okawaru_trees_2, nzn_wu_jian_contemplation,
          mainiacjoe_overflow_alcove_1, nicolae_overflow_hidden_temple
D:9:      layout_irregular_city, mainiacjoe_overflow_brackets, demons_altar,
          lemuel_round_altar, minmay_lair_entry_grove, minmay_misc_feat_five
D:10:     layout_big_octagon, grunt_temple_overflow_holy_war,
          mainiacjoe_overflow_catwalk, fedhas_ov_isle_minmay, serial_shops,
          shop, nrook_loot_triangle, kennysheep_generic_room_14, uniq_erica
Temple:   corrupted_temple
Lair:1:   layout_cave_pods, nicolae_volcano_entry_hallway,
          infiniplex_staircase_pool
Volcano:  volcano_bunker

Skill      XL: |  1  2  3  4  5  6  7  8  9 10 11 |
---------------+----------------------------------+-----
Conjurations   | 3 4 5 7 9 11 12 | 12.0
Hexes          | 5 6 8 10 | 10.0
Shields        | 3 4 |  4.0
Spellcasting   | 7 |  7.1
Dodging        | |  2.1
Stealth        | |  3.0

Action                   |  1- 3 |  4- 6 |  7- 9 | 10-12 || total
-------------------------+-------+-------+-------+-------++-------
Melee: Unarmed           |    38 |       |       |       ||    38
       Bite              |     6 |     5 |    14 |    22 ||    47
       Dagger            |    40 |       |       |       ||    40
       Short sword       |    31 |    31 |       |       ||    62
       Hand axe          |       |    69 |   166 |    58 ||   293
       Trident           |       |       |       |    83 ||    83
 Cast: Magic Dart        |    43 |    22 |       |       ||    65
       Searing Ray       |     1 |    12 |    51 |    55 ||   119
       Fulminant Prism   |       |       |     8 |    22 ||    30
 Abil: Exsanguinate      |       |       |     1 |       ||     1
       Revivify          |       |       |     1 |       ||     1
Evoke: Wand              |       |       |       |     3 ||     3
  Use: Potion            |       |       |     8 |       ||     8
       Scroll            |       |       |     3 |     9 ||    12
 Stab: Sleeping          |     1 |     2 |     2 |       ||     5
       Paralysed         |       |       |       |     3 ||     3
Armor: Robe              |    24 |    43 |    64 |    79 ||   210
Dodge: Dodged            |    69 |    99 |   182 |   133 ||   483
Block: Buckler           |       |       |    28 |    67 ||    95
